 Dungeon Crawl Stone Soup version 0.18-a0-739-gdae9da8 (webtiles) character file.

2206 cluie the Sneak (level 9, -3/69 HPs)
             Began as a Demonspawn Assassin on Dec 10, 2015.
             Was a Believer of Dithmenos.
             Slain by a gnoll
             ... wielding a +0 spear
              (9 damage)
             ... on level 8 of the Dungeon.
             The game lasted 00:11:16 (1982 turns).

cluie the Sneak (Demonspawn Assassin)               Turns: 1982, Time: 00:11:17

Health: -3/69      AC:  7    Str: 11      XL:     9   Next: 12%
Magic:  11/11      EV: 10    Int: 11 (13) God:    Dithmenos [**....]
Gold:   158        SH:  0    Dex: 18      Spells: 0 memorised, 8 levels left

rFire  . . .     SeeInvis .     a - +2 dagger
rCold  + . .     Clarity  .     c - +0 robe
rNeg   . . .     SustAt   .     (no shield)
rPois  .         Gourm    .     (helmet restricted)
rElec  .         Spirit   .     d - +0 cloak
rCorr  .         Dismiss  .     r - +0 pair of gloves
rMut   .         Stasis   .     n - +0 pair of boots
MR     .....                    (no amulet)
Stlth  +++++++...               (no ring)
                                i - ring of protection from cold

@: flying (expiring), wreathed by umbra, not resistant to hostile enchantments,
extremely stealthy
A: horns 1, thin metallic scales 1, nightstalker 2, spiny 2
a: Shadow Step, Renounce Religion


You were on level 8 of the Dungeon.
You worshipped Dithmenos.
Dithmenos was pleased with you.
You were hungry.

You visited 1 branch of the dungeon, and saw 8 of its levels.

You collected 158 gold pieces.

Inventory:

Hand Weapons
 a - a +2 dagger (weapon)
 b - a +0 blowgun
 x - a +0 great sword
Missiles
 e - 23 poisoned needles
 f - a curare-tipped needle
 q - 7 javelins (quivered)
Armour
 c - a +0 robe (worn)
 d - a +0 cloak (worn)
 n - a +0 pair of boots (worn)
 r - a +0 pair of gloves (worn)
Jewellery
 i - a ring of protection from cold (left hand)
Scrolls
 k - a scroll of fog
 s - a scroll of enchant weapon {unknown}
 v - a scroll of amnesia {unknown}
 w - a scroll of vulnerability {unknown}
Potions
 l - a potion of magic
 p - a potion of degeneration
Comestibles
 g - 3 bread rations
 h - 2 meat rations
 j - 2 beef jerkies
 o - a slice of pizza


   Skills:
 + Level 5.7 Fighting
 + Level 5.0 Short Blades
 - Level 4.5 Throwing
 + Level 5.0 Dodging
 + Level 6.5 Stealth
 + Level 3.2 Invocations


You had 8 spell levels left.
You didn't know any spells.

Dungeon Overview and Level Annotations

Branches:
Dungeon (8/15)             Temple (0/1) D:7
   Lair: D:8-11

Altars:
Ashenzari
Dithmenos
Pakellas
Qazlal
Sif Muna


Innate Abilities, Weirdness & Mutations

You have a pair of small horns on your head.
You are partially covered in thin metallic scales (AC +2).
You are significantly more attuned to the shadows.
You are mostly covered in sharp spines.


Message History

The giant frog hits you but does no damage.
The gnoll closely misses you. The orc barely misses you.
Unknown command.
The giant frog closely misses you.
An adder skeleton comes into view.
The giant frog is struck by your spines.
The giant frog hits you.
* * * LOW HITPOINT WARNING * * *
You are starting to lose your buoyancy.
Unknown command.
The giant frog is struck by your spines.
The giant frog barely misses you. The orc completely misses you.
The giant frog completely misses you.
There is a stone staircase leading up, spattered with blood here.
The giant frog is struck by your spines.
You kill the giant frog!
Dithmenos accepts your kill. The orc is struck by your spines.
The orc barely misses you.
The gnoll hits you from afar with a spear!
You die...

#### ####
....#########..#
.........##...#
.............@###
............o†..#
#####...Z.†gg.###
###.....###
##....## #....##
##...## ##....#
##....##


You could see 2 gnolls, an orc and an adder skeleton (wandering).

Vanquished Creatures
  Grinder (D:4)
  4 yaks (D:8)
  A phantom (D:6)
  An orc warrior (D:4)
  A sky beast (D:8)
  An ogre (D:5)
  4 centaurs
  A giant frog (D:8)
  2 crimson imps (D:6)
  A giant frog zombie (D:5)
  A centaur skeleton (D:7)
  2 orc priests (D:8)
  A giant frog skeleton (D:7)
  Jessica (D:2)
  3 hounds
  3 iguanas
  Natasha (twice) (D:2)
  3 orc wizards
  2 worker ants (D:4)
  A hound skeleton (D:8)
  3 adders
  A gnoll (D:8)
  2 shadow imps
  An ooze (D:2)
  An adder zombie (D:6)
  An adder skeleton (D:4)
  2 giant geckos
  11 orcs
  3 ball pythons
  A goblin (D:1)
  3 hobgoblins
  2 giant cockroaches (D:4)
  A giant newt (D:5)
  2 quokkas
  3 rats
73 creatures vanquished.

Notes
Turn   | Place    | Note
--------------------------------------------------------------
     0 | D:1      | cluie the Demonspawn Assassin began the quest for the Orb.
     0 | D:1      | Reached XP level 1. HP: 16/16 MP: 1/1
    75 | D:2      | Noticed Jessica
    88 | D:2      | Killed Jessica
    88 | D:2      | Reached skill level 1 in Dodging
    88 | D:2      | Gained mutation: You are partially covered in sharp spines. [demonic ancestry]
    88 | D:2      | Reached XP level 2. HP: 5/23 MP: 2/2
    88 | D:2      | Gained mutation: You have a pair of small horns on your head. [demonic ancestry]
    88 | D:2      | Reached XP level 3. HP: 6/28 MP: 3/3
    89 | D:2      | nice
   137 | D:2      | Noticed Natasha
   160 | D:2      | Killed Natasha
   185 | D:2      | Found a shadowy altar of Dithmenos.
   190 | D:2      | Noticed Natasha
   192 | D:2      | Became a worshipper of Dithmenos the Shadowed
   203 | D:2      | Killed Natasha
   203 | D:2      | Reached skill level 4 in Stealth
   203 | D:2      | Gained mutation: You are partially covered in thin metallic scales (AC +2). [demonic ancestry]
   203 | D:2      | Reached XP level 4. HP: 12/34 MP: 4/4
   434 | D:4      | Noticed Grinder
   444 | D:4      | Paralysed by Grinder for 3 turns
   466 | D:4      | Paralysed by Grinder for 2 turns
   474 | D:4      | Killed Grinder
   474 | D:4      | Gained mutation: You are slightly more attuned to the shadows. [demonic ancestry]
   474 | D:4      | Reached XP level 5. HP: 21/41 MP: 5/5
   474 | D:4      | Reached XP level 6. HP: 24/47 MP: 6/6
   475 | D:4      | augh yeah
   858 | D:4      | Found a shattered altar of Ashenzari.
   910 | D:4      | Found a deep blue altar of Sif Muna.
   929 | D:5      | Entered Level 5 of the Dungeon
   930 | D:5      | Reached * piety under Dithmenos
   930 | D:5      | Reached XP level 7. HP: 51/53 MP: 7/7
   968 | D:5      | Reached skill level 5 in Stealth
  1350 | D:6      | Gained mutation: You are mostly covered in sharp spines. [demonic ancestry]
  1350 | D:6      | Reached XP level 8. HP: 47/61 MP: 8/8
  1607 | D:7      | Found a staircase to the Ecumenical Temple.
  1613 | D:7      | Found an oddly glowing altar of Pakellas.
  1667 | D:7      | nice
  1844 | D:7      | Found a stormy altar of Qazlal.
  1859 | D:8      | Reached skill level 5 in Fighting
  1859 | D:8      | Reached skill level 6 in Stealth
  1859 | D:8      | Reached skill level 1 in Invocations
  1909 | D:8      | Gained mutation: You are significantly more attuned to the shadows. [demonic ancestry]
  1909 | D:8      | Reached XP level 9. HP: 21/68 MP: 9/11
  1948 | D:8      | Reached skill level 5 in Short Blades
  1957 | D:8      | HP: 2/68 [orc priest/divine providence (15)]
  1962 | D:8      | Reached ** piety under Dithmenos
  1966 | D:8      | Reached skill level 5 in Dodging
  1982 | D:8      | Slain by a gnoll

Vault maps used:
D:1:      ncdulo_lavacross, minmay_misc_feat_more_columns, nrook_loot_triangle
D:2:      nemelex_xobeh_ov_fountains_minmay, first_bread, minivault_27,
          serial_bayou_pond_e, minmay_misc_feat_cross,
          minmay_misc_feat_four_crosses,
          nicolae_dithmenos_through_a_glass_darkly, uniq_natasha, uniq_jessica
D:3:      marbit_many_paths
D:4:      lemuel_coloured_pillars_altar, led_sif_pool,
          nicolae_gozag_zags_fifth_avenue, nicolae_ashenzari_panopticon,
          uniq_grinder, uniq_eustachio
D:5:      saegor_snake_ambush, uniq_crazy_yiuf_cottage
D:6:      uniq_pikel
D:7:      lemuel_zombie_altar_yredelemnul, overflow_temple_1_default,
          overflow_temple_1_default, old_standard_altar,
          minmay_temple_entry_glass, grunt_ogre_cave
D:8:      kennysheep_mini, serial_shops, shop

Action                   |  1- 3 |  4- 6 |  7- 9 || total
-------------------------+-------+-------+-------++-------
Melee: Dagger            |    18 |    37 |   109 ||   164
 Fire: Blowgun           |    11 |    14 |    13 ||    38
Throw: Javelin           |       |    10 |       ||    10
  Use: Potion            |       |     2 |     3 ||     5
       Scroll            |       |     1 |     2 ||     3
 Stab: Sleeping          |     1 |     3 |    12 ||    16
       Distracted        |       |       |     1 ||     1
  Eat: Chunk             |       |       |     3 ||     3
